 Dungeon Crawl Stone Soup version 0.21-a0-513-gdcb3f5e (webtiles) character file.

275 Gerstahl the Cutter (level 6, -6/46 HPs)
             Began as a Demonspawn Gladiator on Dec 1, 2017.
             Mangled by Duvessa
             ... wielding a +1 rapier of draining
              (11 damage)
             ... on level 4 of the Dungeon.
             The game lasted 00:03:51 (2702 turns).

Gerstahl the Cutter (Demonspawn Gladiator)          Turns: 2702, Time: 00:03:55

Health: -6/46      AC:  7    Str: 19    XL:     6   Next: 3%
Magic:  6/6        EV: 11    Int:  9    God:
Gold:   199        SH:  0    Dex: 16    Spells: 5/5 levels left

rFire    . . .     SeeInvis .   A - +1 short sword (freeze)
rCold    . . .     Gourm    .   (no shield)
rNeg     . . .     Faith    .   E - +0 ring mail (curse)
rPois    .         Spirit   .   c - +0 helmet
rElec    .         Reflect  .   (no cloak)
rCorr    .         Harm     .   g - +0 pair of gloves
MR       .....                  (no boots)
Stlth    ..........             (no amulet)
HPRegen  0.15/turn              h - +4 ring of strength
MPRegen  0.10/turn              (no ring)

@: confused, heavily drained
A: hooves 1
a: no special abilities


You were on level 4 of the Dungeon.
You were hungry.

You visited 1 branch of the dungeon, and saw 4 of its levels.

You collected 199 gold pieces.

Inventory:

Hand Weapons
 a - a +0 rapier
 A - a +1 short sword of freezing (weapon)
Armour
 b - a +0 leather armour
 c - a +0 helmet (worn)
 g - a +0 pair of gloves (worn)
 s - a +0 buckler
 E - a cursed +0 ring mail (worn)
Jewellery
 h - a +4 ring of strength (left hand)
 o - an uncursed ring of stealth {unknown}
 B - an uncursed ring of protection from cold {unknown}
Scrolls
 e - a scroll of noise {unknown}
 i - 2 scrolls of immolation {unknown}
 j - a scroll of magic mapping {unknown}
 m - 2 scrolls of enchant weapon {unknown}
 n - 2 scrolls of teleportation {unknown}
 q - 4 scrolls of identify {unknown}
 v - a scroll of enchant armour {unknown}
 w - a scroll of amnesia {unknown}
 y - a scroll of remove curse {unknown}
 C - a scroll of blinking {unknown}
Potions
 l - a potion of haste {unknown}
 p - a potion of cancellation {unknown}
 r - 2 potions of mutation {unknown}
 x - a potion of curing {unknown}
 z - a potion of magic {unknown}
 D - a potion of heal wounds {unknown}
 F - 2 potions of lignification {unknown}
 G - a potion of invisibility {unknown}
Comestibles
 f - 3 bread rations
 k - 4 meat rations
 u - 3 fruits


   Skills:
 + Level 2.9(0.8) Fighting
 + Level 4.5(2.3) Short Blades
 + Level 1.8(0.0) Throwing
 + Level 2.1(0.1) Armour
 + Level 3.4(1.3) Dodging
 + Level 1.4(0.0) Stealth


You had 5 spell levels left.
You didn't know any spells.

Dungeon Overview and Level Annotations

Branches:
Dungeon (4/15)
 Temple: D:4-7

Altars:

Annotations:
D:4 Dowan, Duvessa


Innate Abilities, Weirdness & Mutations

You have large cloven feet.


Message History

You feel drained.
You hit Duvessa but do no damage. Your kick misses Duvessa.
Duvessa is almost dead.
Dowan barely misses you. Duvessa closely misses you.
You closely miss Duvessa.
Duvessa is almost dead.
Dowan mumbles some strange words.
Dowan blinks!
Duvessa hits you with a rapier of draining!
* * * LOW HITPOINT WARNING * * *
You feel drained.
* * * LOW HITPOINT WARNING * * *
It was a potion of ambrosia.
You are confused.
You feel invigorated.
Dowan points at you and mumbles some strange words.
The puff of flame hits you!
* * * LOW HITPOINT WARNING * * *
Duvessa hits you with a rapier of draining!
You die...

#.....#....#.....#....
#.....#.<..#.....#....
##....##...'.....#....
#....##...#.....#....
#....##...#.....#....
#.e..##...##....#....
#....##....#....#....
##....##....#....#....
+....@.#....#....+....
#...§e#######....#<..#
#.....# #.....##...#
#...... +.....#.....
#...... #.....#.....
#.##.(## #...<.######
#. #### ##+##......# .
#......# #......+


You could see Duvessa and Dowan.

Vanquished Creatures
  Edmund (D:4)
  8 adders
  2 worms
  A dart slug (D:1)
  2 leopard geckos
  2 orcs (D:3)
  2 ball pythons
  3 giant cockroaches (D:3)
  10 hobgoblins
  3 jackals (D:1)
  A quokka (D:3)
  15 bats
  8 frilled lizards
  11 goblins
  5 kobolds
  10 rats
84 creatures vanquished.

Notes
Turn   | Place    | Note
-------+----------+-------------------------------------------
     0 | D:1      | Gerstahl the Demonspawn Gladiator began the quest for the Orb.
     0 | D:1      | Reached XP level 1. HP: 16/16 MP: 1/1
   111 | D:1      | Gained mutation: You have large cloven feet. [demonic ancestry]
   111 | D:1      | Reached XP level 2. HP: 16/22 MP: 2/2
   185 | D:1      | Reached skill level 3 in Short Blades
   428 | D:1      | Reached XP level 3. HP: 23/28 MP: 3/3
   780 | D:2      | Reached skill level 1 in Armour
  1223 | D:2      | Reached XP level 4. HP: 34/34 MP: 4/4
  2005 | D:3      | Reached XP level 5. HP: 39/39 MP: 5/5
  2113 | D:3      | Reached skill level 4 in Short Blades
  2258 | D:4      | Noticed Edmund
  2285 | D:4      | Killed Edmund
  2285 | D:4      | Reached skill level 1 in Stealth
  2543 | D:4      | Reached XP level 6. HP: 46/46 MP: 6/6
  2681 | D:4      | Noticed Duvessa
  2681 | D:4      | Noticed Dowan
  2702 | D:4      | Mangled by Duvessa

Vault maps used:
D:1:      dpeg_arrival_rooms_with_view, minmay_quantized
D:3:      first_bread, serial_glass, glass_columns_a, glass_columns_c,
          kennysheep_generic_room_9
D:4:      gammafunk_temple_overflow_statue, lemuel_round_altar, uniq_edmund,
          uniq_duvessa

Skill      XL: |  1  2  3  4  5 |
---------------+----------------+-----
Short Blades   | 3 4 |  4.5
Dodging        | 3 |  3.4
Armour         | 1 2 |  2.1
Stealth        | 1 |  1.4
Fighting       | |  2.9
Throwing       | |  1.8

Action                   |  1- 3 |  4- 6 || total
-------------------------+-------+-------++-------
Melee: Rapier            |   113 |    63 ||   176
       Kick              |    25 |    38 ||    63
       Short sword       |       |    62 ||    62
Throw: Throwing net      |       |     5 ||     5
  Use: Potion            |       |     1 ||     1
 Stab: Sleeping          |       |     2 ||     2
       Held in net/web   |       |     5 ||     5
  Eat: Chunk             |     1 |     4 ||     5
Armor: Leather armour    |    29 |    27 ||    56
       Ring mail         |       |     4 ||     4
Dodge: Dodged            |    76 |    66 ||   142

Table legend:
 A = Spawn XP
 B = Non-spawn XP
 C = Spawn XP percentage of total XP
 D = Spawn monster count
 E = Non-spawn monster count
 F = Spawn count percentage of total count
 G = Total turns spent on level
                    A         B        C        D         E        F      G
               +---------+---------+-------+---------+---------+-------+---------
         Total |       0 |     393 |   0.0 |       0 |      84 |   0.0 |  2702
               +---------+---------+-------+---------+---------+-------+---------
           D:1 |       0 |      46 |   0.0 |       0 |      28 |   0.0 |   659
           D:2 |       0 |      86 |   0.0 |       0 |      26 |   0.0 |  1021
           D:3 |       0 |      81 |   0.0 |       0 |      27 |   0.0 |   564
           D:4 |       0 |     180 |   0.0 |       0 |       3 |   0.0 |   458
               +---------+---------+-------+---------+---------+-------+---------
